Kradschützen Motorcycle Team
Construct Light Support Kompanie
Selects Armored Support Battlegroup
Selects Superior Fire Drills
Construct Mechanized Kompanie
Panzerjäger Mechanized Group
254 Reconnaissance Tractor
Selects Flammpanzer III Medium Tank
Flammpanzer III Medium Tank
Marder III Tank Destroyer
Marder III Tank Destroyer
Flammpanzer III Medium Tank
Marder III Tank Destroyer
Flammpanzer III Medium Tank
Selects Stuka Anti-tank Loiter
Selects Battlefield Salvage
Flammpanzer III Medium Tank